 Dungeon Crawl Stone Soup version 0.22.0-36-g8e74550 (webtiles) character file.

6531 HallandMoats the Fighter (level 10, 0/82 HPs)
             Began as a Demonspawn Monk on Aug 24, 2018.
             Was a Believer of Qazlal.
             Slain by a chaos spawn (4 damage)
             ... on level 1 of the Abyss.
             The game lasted 00:17:21 (10286 turns).

HallandMoats the Fighter (Demonspawn Monk)         Turns: 10286, Time: 00:17:22

Health: 0/82       AC: 12    Str: 15      XL:     10   Next: 69%
Magic:  16/17      EV: 15    Int: 14      God:    Qazlal [**....]
Gold:   312        SH:  3    Dex: 19 (21) Spells: 18/18 levels left

rFire    . . .     SeeInvis .   K - +7 Screaming Sword
rCold    . . .     Gourm    .   (no shield)
rNeg     . . .     Faith    .   n - +0 ring mail
rPois    .         Spirit   .   (helmet restricted)
rElec    .         Reflect  .   w - +0 cloak
rCorr    .         Harm     .   O - +0 pair of gloves (curse)
MR       .....     Clarity  +   (no boots)
Stlth    +.........             (no amulet)
HPRegen  0.00/turn              q - +2 ring of slaying
MPRegen  0.15/turn              d - +4 ring of protection

@: liquid flames, non-regenerating, diseased, glowing
A: antennae 1, thin skeletal structure 3, clarity, clever 1, demonic guardian 1,
deterioration 1, powered by death 1
a: Upheaval, Renounce Religion


You were on level 1 of the Abyss.
You worshipped Qazlal.
Qazlal was pleased with you.
You were not hungry.

You visited 2 branches of the dungeon, and saw 9 of its levels.
You visited the Abyss 1 time.

You collected 312 gold pieces.

Inventory:

Hand Weapons
 a - a +2 whip of electrocution
 b - a +1 war axe of flaming
 K - the +7 Screaming Sword (weapon)
   (You found it on level 6 of the Dungeon)
Armour
 n - a +0 ring mail (worn)
 w - a +0 cloak (worn)
 O - a cursed +0 pair of gloves (worn)
Jewellery
 d - a +4 ring of protection (right hand)
 g - a +4 ring of protection
 i - an uncursed amulet of rage
 q - a +2 ring of slaying (left hand)
 A - an uncursed ring of wizardry
 G - an uncursed ring of poison resistance {unknown}
 L - a cursed -2 ring of evasion {unknown}
Wands
 u - a wand of scattershot (6)
 x - a wand of acid (5)
 C - a wand of digging (21)
 I - a wand of random effects (12)
 J - a wand of paralysis (16)
 M - a wand of iceblast (19)
 N - a wand of flame (8)
Scrolls
 c - 2 scrolls of fear {unknown}
 j - 3 scrolls of fog
 l - 2 scrolls of teleportation {unknown}
 o - 4 scrolls of remove curse
 y - 3 scrolls of magic mapping
 B - a scroll of blinking
 D - 2 scrolls of enchant weapon {unknown}
 E - a scroll of holy word {unknown}
 P - 2 scrolls of identify
Potions
 e - 2 potions of curing
 h - a potion of lignification
 k - 2 potions of magic
 m - a potion of cancellation
 p - 2 potions of berserk rage
 r - 3 potions of brilliance
 s - a potion of resistance
 t - a potion of heal wounds
 v - a potion of might
 z - a potion of ambrosia
 F - a potion of mutation
 H - a potion of flight
Comestibles
 f - 9 rations
 Q - 5 chunks of flesh


   Skills:
 * Level 8.6 Fighting
 * Level 4.6 Long Blades
 - Level 1.0 Axes
 + Level 4.9 Armour
 + Level 5.7 Dodging
 - Level 1.7 Stealth
 - Level 5.7 Unarmed Combat
 + Level 4.9 Spellcasting
 * Level 6.8 Invocations
 - Level 4.3 Evocations


You had 18 spell levels left.
You didn't know any spells.
Your spell library contained the following spells:

 Spells                   Type           Power        Failure   Level  Hunger
 Passwall                 Tmut/Erth      #.......     45%         2    ##.....
 Swiftness                Chrm/Air       #.......     45%         2    ##.....
 Passage of Golubria      Tloc           N/A          97%         4    ####...
 Lee's Rapid Deconstruct  Erth           #.........   100%        5    ######.
 Darkness                 Hex            #.........   100%        6    #######
 Invisibility             Hex            #.......     100%        6    #######


Dungeon Overview and Level Annotations

Branches:
Dungeon (8/15)             Temple (1/1) D:6
   Lair: D:8-11

Altars:
Ashenzari
Cheibriados
Dithmenos
Elyvilon
Fedhas
Gozag
Hepliaklqana
Kikubaaqudgha
Makhleb
Nemelex Xobeh
Okawaru
Qazlal
Ru
Sif Muna
Trog
Uskayaw
Vehumet
Wu Jian
Xom
Yredelemnul
Zin

Annotations:
D:7 2 transporters, OperatorZx's ghost, novice MiFi


Innate Abilities, Weirdness & Mutations

You have an unnaturally thin skeletal structure. (Dex +6, Stealth++)
A weak demonic guardian rushes to your aid.
You regenerate a little health from kills.
You have a pair of small antennae on your head.
You possess an exceptional clarity of mind.
Your mind is acute. (Int +2)
Your body sometimes deteriorates upon taking damage.


Message History

The sixfirhy shocks you!
* * * LOW HITPOINT WARNING * * *
The sixfirhy hits you but does no damage.
The smoke demon gestures at you. The sticky flame hits you!
You are covered in liquid flames!
* * * LOW HITPOINT WARNING * * *
The sixfirhy hits you but does no damage.
Your iron imp hits the sixfirhy.
The chaos spawn closely misses you.
You feel much better.
The Screaming Sword tootles away.
The monsters around you reel from the noise!
You are covered in liquid flames!
You block the sixfirhy's attack.
The sixfirhy hits you but does no damage.
The smoke demon gestures at you. The ball of steam hits you!
* * * LOW HITPOINT WARNING * * *
Your iron imp misses the sixfirhy.
The chaos spawn hits you.
You die...

≈≈≈# . .. # .≈≈
≈≈§##.###.. #
≈≈≈##≈#≈≈#.≈≈#.#.
.≈≈.. ≈≈.≈≈≈≈.# #
#≈. #....≈≈≈..
#.#.##...≈≈≈#
##.§.3...#
#.#.@3..# #
#..§4#5## .
..##.§.....#
#..§.#.#..##
#..#.##.##.#
#.##...#..#.# #.#
#......##.# ### #
....# .# #
###.##.#. #


You could see a sixfirhy, a smoke demon, a chaos spawn and a friendly iron imp.

Vanquished Creatures
  A tentacled starspawn (Abyss:1)
  Harold (D:7)
  Joseph (D:6)
  An ancient zyme (Abyss:1)
  A ynoxinul (Abyss:1)
  3 hungry ghosts (D:7)
  Eustachio (D:6)
  Menkaure (D:6)
  A water moccasin (D:7)
  2 orc warriors
  A sky beast (D:6)
  A black bear (D:8)
  A phantom (D:7)
  5 ogres
  Blork the orc (D:5)
  3 bullfrogs
  4 scorpions
  3 wights (D:6)
  2 howler monkeys
  5 crimson imps
  A quasit (D:8)
  2 jellies
  5 hounds
  2 bullfrog skeletons
  A gnoll shaman (D:7)
  An iguana (D:7)
  6 orc wizards
  A worker ant (D:6)
  A hound zombie (D:7)
  A hound skeleton (D:7)
  A worker ant zombie (D:7)
  13 gnolls
  9 adders
  A shadow imp (D:6)
  An ooze (D:2)
  An adder zombie (D:6)
  An adder skeleton (D:4)
  4 worms
  4 dart slugs
  6 leopard geckos
  23 orcs
  7 giant cockroaches
  6 goblins
  A hobgoblin (D:2)
  A jackal (D:2)
  8 kobolds
  A quokka (D:3)
  A ball python (D:1)
  18 bats
  4 frilled lizards (D:1)
  A jackal skeleton (D:5)
  A leopard gecko skeleton (D:5)
  2 quokka skeletons
  8 rats
  A fungus (D:6)
  A starspawn tentacle (Abyss:1)
185 creatures vanquished.

Vanquished Creatures (collateral kills)
  A sky beast (D:7)
  2 orc warriors (D:7)
  A gnoll (D:7)
  2 orcs (D:7)
6 creatures vanquished.

Vanquished Creatures (others)
  An orc (D:4)
  A jackal (D:2)
  14 fungi (D:6)
  3 starspawn tentacles (Abyss:1)
19 creatures vanquished.

Grand Total: 210 creatures vanquished

Notes
Turn   | Place    | Note
-------+----------+-------------------------------------------
     0 | D:1      | HallandMoats the Demonspawn Monk began the quest for the Orb.
     0 | D:1      | Reached XP level 1. HP: 18/18 MP: 1/1
   382 | D:1      | Gained mutation: You have a somewhat thin skeletal structure. (Dex +2, Stealth) [demonic ancestry]
   382 | D:1      | Reached XP level 2. HP: 21/24 MP: 2/2
  1293 | D:2      | Reached XP level 3. HP: 23/29 MP: 3/3
  1420 | D:2      | Reached skill level 1 in Armour
  1795 | D:2      | Gained mutation: You have a moderately thin skeletal structure. (Dex +4, Stealth+) [demonic ancestry]
  1795 | D:2      | Reached XP level 4. HP: 23/37 MP: 4/4
  2154 | D:2      | Found an opulent altar of Gozag.
  2297 | D:2      | Noticed a bullfrog
  2314 | D:2      | Killed a bullfrog
  2314 | D:2      | Reached skill level 4 in Fighting
  2314 | D:2      | Reached skill level 1 in Evocations
  2314 | D:2      | Reached XP level 5. HP: 33/42 MP: 4/6
  2315 | D:2      | Found a white marble altar of Elyvilon.
  3453 | D:3      | Gained mutation: Your mind is acute. (Int +2) [potion of mutation]
  3453 | D:3      | Gained mutation: You possess an exceptional clarity of mind. [potion of mutation]
  3453 | D:3      | Gained mutation: Your body sometimes deteriorates upon taking damage. [potion of mutation]
  3453 | D:3      | Gained mutation: You have a pair of small antennae on your head. [potion of mutation]
  3690 | D:4      | Gained mutation: You have an unnaturally thin skeletal structure. (Dex +6, Stealth++) [demonic ancestry]
  3690 | D:4      | Reached XP level 6. HP: 46/49 MP: 7/7
  3987 | D:4      | Noticed an orc warrior
  4001 | D:4      | Killed an orc warrior
  4257 | D:5      | Entered Level 5 of the Dungeon
  4448 | D:5      | Reached skill level 5 in Fighting
  4448 | D:5      | Gained mutation: You regenerate a little health from kills. [demonic ancestry]
  4448 | D:5      | Reached XP level 7. HP: 52/56 MP: 9/9
  4808 | D:5      | Found an ancient bone altar of Kikubaaqudgha.
  5014 | D:5      | Reached skill level 1 in Spellcasting
  5076 | D:5      | Found a sacrificial altar of Ru.
  5079 | D:5      | Found a basalt altar of Yredelemnul.
  5082 | D:5      | Found an iron altar of Okawaru.
  5085 | D:5      | Found a hazy altar of Hepliaklqana.
  5594 | D:6      | Noticed Blork the orc
  5603 | D:6      | Reached XP level 8. HP: 47/64 MP: 9/11
  5617 | D:5      | Killed Blork the orc
  5617 | D:5      | Reached skill level 5 in Unarmed Combat
  5730 | D:6      | Noticed Eustachio
  6041 | D:6      | Killed Eustachio
  6041 | D:6      | Reached skill level 6 in Fighting
  6138 | D:6      | Found a staircase to the Ecumenical Temple.
  6949 | D:6      | Found the +7 Singing Sword
  7055 | D:6      | Gained mutation: A weak demonic guardian rushes to your aid. [demonic ancestry]
  7055 | D:6      | Reached XP level 9. HP: 71/71 MP: 14/14
  7313 | D:6      | Reached skill level 1 in Axes
  7511 | Temple   | Entered the Ecumenical Temple
  7587 | Temple   | Became a worshipper of Qazlal Stormbringer
  7587 | Temple   | Reached * piety under Qazlal
  7587 | Temple   | Reached ** piety under Qazlal
  7621 | D:7      | Reached skill level 1 in Invocations
  7641 | D:7      | Noticed Joseph
  8073 | D:7      | Reached skill level 1 in Long Blades
  8142 | D:7      | Noticed Harold
  8143 | D:7      | Noticed Menkaure
  8146 | D:7      | Reached skill level 7 in Fighting
  8502 | D:6      | Killed Menkaure
  8827 | D:7      | Killed Harold
  8827 | D:7      | Reached skill level 5 in Dodging
  9640 | D:6      | Killed Joseph
  9640 | D:6      | Reached skill level 5 in Invocations
  9640 | D:6      | Reached XP level 10. HP: 69/80 MP: 16/16
  9852 | D:7      | Found a transporter.
  9853 | D:7      | Found a transporter.
  9853 | D:7      | Noticed OperatorZx's ghost (novice MiFi)
  9854 | D:7      | Noticed a two-headed ogre
 10193 | D:8      | Reached skill level 8 in Fighting
 10214 | D:8      | Cast into level 1 of the Abyss (orc)
 10273 | Abyss:1  | Noticed a tentacled starspawn
 10277 | Abyss:1  | Noticed a smoke demon
 10278 | Abyss:1  | Noticed a sixfirhy
 10281 | Abyss:1  | Killed a tentacled starspawn
 10286 | Abyss:1  | HP: 4/82 [smoke demon/ball of steam (22)]
 10286 | Abyss:1  | Slain by a chaos spawn

Skill      XL: |  1  2  3  4  5  6  7  8  9 10 |
---------------+-------------------------------+-----
Unarmed Combat | 3 4 5 |  5.7
Armour         | 1 2 3 4 |  4.9
Dodging        | 3 4 5 |  5.7
Fighting       | 4 5 6 7 8 |  8.6
Evocations     | 1 2 3 4 |  4.3
Spellcasting   | 2 3 4 |  4.9
Axes           | 1 |  1.0
Invocations    | 5 6 |  6.8
Long Blades    | 3 4 |  4.6
Stealth        | |  1.7

Action                   |  1- 3 |  4- 6 |  7- 9 | 10-12 || total
-------------------------+-------+-------+-------+-------++-------
Melee: Unarmed           |   186 |   100 |       |       ||   286
       Punch             |     8 |       |     9 |     1 ||    18
       Whip              |       |    61 |   175 |       ||   236
       War axe           |       |       |    32 |       ||    32
       Double sword      |       |       |    67 |    36 ||   103
  Use: Scroll            |     2 |    11 |     7 |       ||    20
       Potion            |       |     1 |     2 |     3 ||     6
 Stab: Sleeping          |     6 |     9 |     2 |       ||    17
       Distracted        |       |       |       |     1 ||     1
  Eat: Chunk             |     3 |     8 |    12 |     4 ||    27
       Ration            |       |       |     2 |       ||     2
Armor: Robe              |    81 |    30 |       |       ||   111
       Ring mail         |       |    25 |   132 |    20 ||   177
       Leather armour    |       |     3 |       |       ||     3
Dodge: Dodged            |   175 |   118 |   307 |    48 ||   648
Block: Other             |       |       |     8 |     6 ||    14
       Rpst.: Double sword |       |       |    12 |     9 ||    21
